 Dungeon Crawl Stone Soup version 0.16.0-14-g63f578d (console) character file.

270 gw the Gusty (level 5, -9/40 HPs)
             Began as a Demigod Air Elementalist on Mar 19, 2015.
             Mangled by an orc priest
             ... wielding a +0 morningstar
              (13 damage)
             ... on level 4 of the Dungeon.
             The game lasted 00:03:16 (4796 turns).

gw the Gusty (Demigod Air Elementalist)             Turns: 4796, Time: 00:03:16

Health: -9/40      AC:  3    Str: 17    XL:     5   Next: 70%
Magic:  3/14       EV: 12    Int: 21    God:
Gold:   155        SH:  0    Dex: 16    Spells: 4 memorised, 2 levels left

rFire  . . .     SeeInvis .     b - +0 flail
rCold  . . .     Clarity  .     e - +0 leather armour
rNeg   . . .     SustAb   +     (no shield)
rPois  .         Gourm    .     (no helmet)
rElec  .         Spirit   .     (no cloak)
rCorr  .         Warding  .     (no gloves)
rMut   .         Stasis   .     (no boots)
MR     .....                    (no amulet)
Stlth  ++........               (no ring)
                                c - +6 ring of strength

@: repel missiles, not resistant to hostile enchantments, unstealthy
A: sustain abilities
a: no special abilities


You were on level 4 of the Dungeon.
You were very hungry.

You visited 1 branch of the dungeon, and saw 4 of its levels.

You collected 155 gold pieces.

Inventory:

Hand weapons
 b - a +0 flail (weapon)
Missiles
 d - 73 stones (quivered)
 g - 12 poisoned needles
 l - 8 curare-tipped needles
Armour
 e - a +0 leather armour (worn)
Jewellery
 c - a +6 ring of strength (left hand)
Scrolls
 f - 6 scrolls of identify
 i - a scroll of enchant armour
 k - 2 scrolls of teleportation {unknown}
 o - 2 scrolls of recharging
 q - a scroll of remove curse
Potions
 n - a potion of poison {unknown}
Books
 a - a book of Air

   Spells                             Type                      Level
   a - Shock                          Conjuration/Air              1
   b - Swiftness                      Charms/Air                   2
   c - Repel Missiles                 Charms/Air                   2
   d - Flight                         Charms/Air                   3
   e - Static Discharge               Conjuration/Air              3
   f - Lightning Bolt                 Conjuration/Air              5
Comestibles
 h - a beef jerky
 j - a meat ration
 m - 2 bread rations


   Skills:
 + Level 1.4 Fighting
 + Level 1.8 Maces & Flails
 + Level 2.1 Armour
 - Level 1.7 Dodging
 - Level 1.7 Stealth
 * Level 3.1 Spellcasting
 - Level 0.8 Conjurations
 + Level 3.8 Air Magic


You had 2 spell levels left.
You knew the following spells:

 Your Spells              Type           Power        Failure   Level  Hunger
a - Shock                 Conj/Air       ##..         8%          1    None
b - Swiftness             Chrm/Air       ##......     12%         2    ##.....
c - Repel Missiles        Chrm/Air       ##....       12%         2    ##.....
d - Flight                Chrm/Air       ##........   24%         3    ###....


Dungeon Overview and Level Annotations

Branches:
Dungeon (4/15)
 Temple: D:4-7

Shops:
D:4 (


Innate Abilities, Weirdness & Mutations

Your attributes are resistant to harm.


Message History

The zap misses the orc priest.
The zap hits the orc priest.
The orc priest is lightly wounded.
The orc priest hits you but does no damage.
The orc closely misses you. The orc priest closely misses you.
Unknown command.
Unknown command.
Unknown command.
Unknown command.
Casting: Shock
Confirm with . or Enter, or press ? or * to list all spells.
Aiming: Shock
Press: ? - help, Shift-Dir - straight line, f/p - orc priest
Aim: an orc priest, wielding a short sword (severely wounded)
The zap misses the orc priest.
The zap hits the orc priest.
The orc priest is moderately wounded.
The zap hits the orc priest.
The orc priest appears unharmed.
The orc priest is severely wounded.
The orc priest misses you. The orc barely misses you.
The orc priest hits you with a morningstar!
You die...

########'####
##########)..........####
........))...........'..>
########.#...........###.
#.#...........# #.
#.#...........# #.
#.########'#### #.
#.....# #.# #. #po...#
#.# #. #oo...# #.# #.
#oo...# #.# #. #.....#
#.# #. ......# #.# ##
......# #.# ......# #.#
....... #.# .[. #.#


You could see 4 orc priests and an orc.

Table legend:
 A = Turns spent in this place as a percentage of turns spent in the entire game.
 B = Non-inter-level travel turns spent in this place as a percentage of non-inter-level travel turns spent in the entire game.
 C = Inter-level travel turns spent in this place as a percentage of turns spent in this place.
 D = Turns resting spent in this place as a percentage of non-inter-level travel turns spent in this place.
 E = Turns spent auto-exploring this place as a percentage of non-inter-level travel turns spent in this place.
 F = Non-inter-level travel turns spent in this place divided by the number of levels of this place that you've seen.
                   A       B       C       D       E      F
               +-------+-------+-------+-------+-------+----------------------
         Total | 100.0 | 100.0 |   0.4 |   3.0 |   2.5 | 1362.5
       Dungeon | 100.0 | 100.0 |   0.4 |   3.0 |   2.5 | 1362.5
               +-------+-------+-------+-------+-------+----------------------

Table legend:
 A = Kills in this place as a percentage of kills in entire the game.
 B = Kills by you in this place as a percentage of kills by you in the entire game.
 C = Kills by friends in this place as a percentage of kills by friends in the entire game.
 D = Other kills in this place as a percentage of other kills in the entire game.
 E = Experience gained in this place as a percentage of experience gained in the entire game.
 F = Experience gained in this place divided by the number of levels of this place that you have seen.
                   A       B       C       D       E      F
               +-------+-------+-------+-------+-------+----------------------
         Total | 100.0 | 100.0 |  -nan |  -nan | 100.0 |  96.8
       Dungeon | 100.0 | 100.0 |  -nan |  -nan | 100.0 |  96.8
               +-------+-------+-------+-------+-------+----------------------

Vanquished Creatures
  2 orc priests (D:3)
  3 orc wizards
  Jessica (D:2)
  3 adders
  3 worms
  An ooze (D:1)
  7 orcs
  2 ball pythons
  3 giant cockroaches
  5 goblins
  13 hobgoblins
  A quokka (D:3)
  5 bats
  2 giant geckos (D:3)
  3 giant newts (D:1)
  7 kobolds
  11 rats
72 creatures vanquished.

Notes
Turn   | Place    | Note
--------------------------------------------------------------
     0 | D:1      | gw, the Demigod Air Elementalist, began the quest for the Orb.
     0 | D:1      | Reached XP level 1. HP: 14/14 MP: 3/3
   817 | D:1      | Reached XP level 2. HP: 12/20 MP: 0/5
   949 | D:1      | Learned a level 2 spell: Swiftness
   952 | D:1      | Learned a level 2 spell: Repel Missiles
  1145 | D:1      | Reached skill level 1 in Maces & Flails
  1331 | D:2      | Found a snail-covered altar of Cheibriados.
  1452 | D:2      | Found an iron altar of Okawaru.
  1508 | D:2      | Found a burning altar of Makhleb.
  1628 | D:2      | Noticed Jessica
  1631 | D:2      | Killed Jessica
  1631 | D:2      | Reached skill level 1 in Armour
  1631 | D:2      | Reached skill level 3 in Air Magic
  1631 | D:2      | Reached XP level 3. HP: 26/26 MP: 3/8
  2494 | D:2      | Learned a level 2 spell: Swiftness
  2857 | D:3      | Reached XP level 4. HP: 22/34 MP: 2/11
  2970 | D:3      | Learned a level 3 spell: Flight
  3073 | D:3      | Reached skill level 1 in Fighting
  3073 | D:3      | Reached XP level 5. HP: 4/40 MP: 1/13
  4396 | D:4      | Found Klaaps' Weapon Shop.
  4796 | D:4      | Mangled by an orc priest

Action                   |  1- 3 |  4- 6 || total
-------------------------+-------+-------++-------
Melee: Club              |    42 |       ||    42
       Mace              |       |    10 ||    10
       Flail             |       |     6 ||     6
 Cast: Shock             |    88 |    95 ||   183
       Repel Missiles    |     1 |       ||     1
  Use: Scroll            |     6 |     3 ||     9
       Potion            |       |     2 ||     2
  Eat: Bread ration      |     1 |       ||     1
       Chunk             |     2 |     5 ||     7

Vault maps used:
D:1:      ncdulo_lavacross
D:2:      old_standard_altar, cheibriados_altar_1, lemuel_doored_altar,
          first_bread, serial_park_tiny_1, uniq_jessica
D:4:      kiku_gazebo_garden_becter, lemuel_coloured_pillars_altar,
          serial_shops, shop, dk_rats_in_the_wall
